 Dungeon Crawl Stone Soup version 0.21-a0-434-g806c6c2 (webtiles) character file.

7 slep the Changer (level 1, -1/14 HPs)
             Began as a Minotaur Wanderer on Nov 9, 2017.
             Slain by a dart slug (3 damage)
             ... on level 1 of the Dungeon.
             The game lasted 00:01:29 (73 turns).

slep the Changer (Minotaur Wanderer)                  Turns: 73, Time: 00:01:29

Health: -1/14      AC:  2    Str: 16    XL:     1   Next: 91%
Magic:  2/2        EV: 11    Int: 11    God:
Gold:   12         SH:  0    Dex:  7    Spells: 3/3 levels left

rFire    . . .     SeeInvis .   e - +0 club
rCold    . . .     Gourm    .   (no shield)
rNeg     . . .     Faith    .   d - +0 robe
rPois    .         Spirit   .   (helmet restricted)
rElec    .         Reflect  .   (no cloak)
rCorr    .         Harm     .   (no gloves)
MR       .....                  (no boots)
Stlth    +.........             (no amulet)
HPRegen  0.04/turn              (no ring)
MPRegen  0.08/turn              (no ring)

@: no status effects
A: retaliatory headbutt, horns 2
a: no special abilities


You were on level 1 of the Dungeon.
You were not hungry.

You visited 1 branch of the dungeon, and saw 1 of its levels.

You collected 12 gold pieces.

Inventory:

Hand Weapons
 e - a +0 club (weapon)
Missiles
 g - 4 stones (quivered)
Armour
 d - a +0 robe (worn)
Scrolls
 h - a scroll of enchant weapon {unknown}
Books
 a - a book of Geomancy

   Spells                             Type                      Level
   a - Sandblast                      Earth                        1
   b - Passwall                       Transmutation/Earth          2
   c - Stone Arrow                    Conjuration/Earth            3
   d - Petrify                        Transmutation/Earth          4
   e - Lee's Rapid Deconstruction     Earth                        5
 b - Sif Muna's Tome of the Mountains

   Spells                             Type                      Level
   a - Sandblast                      Earth                        1
   b - Stone Arrow                    Conjuration/Earth            3
 c - Sif Muna's Papyrus of Poison

   Spells                             Type                      Level
   a - Sting                          Conjuration/Poison           1
   b - Ignite Poison                  Fire/Transmutation/Poison    3
Comestibles
 f - a bread ration


   Skills:
 + Level 1.0 Throwing
   Level 1.2 Shields
 + Level 1.9 Spellcasting
   Level 2.4 Transmutations
   Level 1.0 Fire Magic
   Level 1.3 Poison Magic


You had 3 spell levels left.
You didn't know any spells.

Dungeon Overview and Level Annotations

Branches:
Dungeon (1/15)

Altars:


Innate Abilities, Weirdness & Mutations

You reflexively headbutt those who attack you in melee.
You have a pair of horns on your head.


Message History

You hit the rat. You headbutt the rat.
You kill the rat!
You hit the goblin.
The goblin is heavily wounded.
The goblin barely misses you. The goblin hits you with a dagger.
You closely miss the goblin.
The goblin is heavily wounded.
The goblin hits you but does no damage.
You barely miss the goblin. You headbutt the goblin.
You kill the goblin!
A dart slug comes into view.
You see here a dagger.
The dart slug launches a dart at you. The slug dart hits you!
* * * LOW HITPOINT WARNING * * *
Found a glowing whip.
You hit the dart slug.
The dart slug is moderately wounded.
The dart slug bites you.
You die...
PPP..............

.≈.≈...........#
...≈............##
...........†.)....##
≈...≈≈P≈........♣P.#
≈≈P≈≈♣≈♣.........P≈# .
P≈P≈♣≈.........#.P≈#...
≈≈≈≈...........≈.....)
♣♣...........@w≈.....
♣♣♣♣...................#
........................
..........†............#
######..........♣♣♣≈♣P♣≈
........)...P♣♣≈♣ P♣ P≈
.......##.♣P♣≈♣P≈≈ ≈ ♣
.......##≈≈P≈≈P≈≈≈≈ ≈≈
#########♣♣≈P♣≈≈≈≈


You could see a dart slug.

Vanquished Creatures
  A dart slug (D:1)
  A bat (D:1)
  A goblin (D:1)
  A frilled lizard (D:1)
  A kobold (D:1)
  A rat (D:1)
6 creatures vanquished.

Notes
Turn   | Place    | Note
-------+----------+-------------------------------------------
     0 | D:1      | slep the Minotaur Wanderer began the quest for the Orb.
     0 | D:1      | slep set off with: a book of Geomancy, Sif Muna's Tome of the Mountains, Sif Muna's Papyrus of Poison, a +0 robe, a +0 club, a bread ration
     0 | D:1      | Reached XP level 1. HP: 14/14 MP: 1/1
    73 | D:1      | Slain by a dart slug

Vault maps used:
D:1:      wheals_arrival_shading, serial_bayou, serial_bayou_lake_a,
          serial_bayou_pond_e, serial_bayou_ford_a, serial_bayou_lagoon_a,
          serial_bayou_shore_a, serial_bayou_pond_e, amethyst_killhole

Action                   || total
-------------------------++-------
Melee: Club              ||    16
       Headbutt          ||     2
Armor: Robe              ||     6
Dodge: Dodged            ||     8

Table legend:
 A = Spawn XP
 B = Non-spawn XP
 C = Spawn XP percentage of total XP
 D = Spawn monster count
 E = Non-spawn monster count
 F = Spawn count percentage of total count
 G = Total turns spent on level
                    A         B        C        D         E        F      G
               +---------+---------+-------+---------+---------+-------+---------
         Total |       0 |      11 |   0.0 |       0 |       6 |   0.0 |    73
               +---------+---------+-------+---------+---------+-------+---------
           D:1 |       0 |      11 |   0.0 |       0 |       6 |   0.0 |    73
               +---------+---------+-------+---------+---------+-------+---------
